 Dungeon Crawl Stone Soup version 0.17.1-1-g73c8601 (console) character file.

96493 Kloppie the Bludgeoner (level 15, -2/124 HPs)
             Began as a Demonspawn Fighter on Dec 16, 2015.
             Was the Champion of Makhleb.
             Slain by a jumping spider (4 damage)
             ... on level 2 of the Spider Nest.
             The game lasted 00:51:02 (27593 turns).

Kloppie the Bludgeoner (Demonspawn Fighter)        Turns: 27593, Time: 00:51:02

Health: -2/124     AC: 15    Str: 16    XL:     15   Next: 69%
Magic:  15/15      EV: 10    Int: 16    God:    Makhleb [******]
Gold:   2789       SH: 13    Dex: 15    Spells: 0 memorised, 14 levels left

rFire  + . .     SeeInvis +     a - +1 eveningstar {crush, MR+ Str-5 Int+5}
rCold  + . .     Clarity  .     R - +4 ring mail {MR+}
rNeg   + . .     SustAt   .     c - +0 shield
rPois  +         Gourm    .     (helmet unavailable)
rElec  .         Spirit   .     C - +1 cloak {MR+}
rCorr  .         Warding  +     v - +0 pair of gloves
rMut   .         Stasis   .     (no boots)
MR     ++++.                    m - amulet of warding
Stlth  ++........               j - ring of stealth
                                W - ring of protection from fire

@: incredibly resistant to hostile enchantments, unstealthy
A: antennae 3, claws 2, talons 2, agile 1, cold resistance 1, poison resistance,
spiny 2
a: Minor Destruction, Lesser Servant of Makhleb, Major Destruction, Greater
Servant of Makhleb, Renounce Religion


You were on level 2 of the Spider Nest.
You worshipped Makhleb.
Makhleb was exalted by your worship.
You were not hungry.

You visited 5 branches of the dungeon, and saw 27 of its levels.

You collected 2789 gold pieces.

Inventory:

Hand Weapons
 a - the +1 eveningstar "Ixkauxop" (weapon) {crush, MR+ Str-5 Int+5}
   (You acquired it on level 1 of the Lair of Beasts)

   It inflicts extra damage upon your enemies.
   It affects your strength (-5).
   It affects your intelligence (+5).
   It affects your resistance to hostile enchantments.
 b - a +2 morningstar of flaming
Armour
 c - a +0 shield (worn)
 v - a +0 pair of gloves (worn)
 C - a +1 cloak of magic resistance (worn)
 R - a +4 ring mail of magic resistance (worn)
Jewellery
 d - an uncursed ring of flight
 j - a ring of stealth (right hand)
 m - an amulet of warding (around neck)
 G - an uncursed ring of protection from fire
 N - an uncursed amulet of faith
 V - an uncursed ring of invisibility
 W - a ring of protection from fire (left hand)
Wands
 h - a wand of random effects (28)
 t - a wand of paralysis (20)
 u - a wand of digging (13)
Scrolls
 g - a scroll of blinking
 o - 4 scrolls of remove curse
 p - 11 scrolls of teleportation
 r - a scroll of fear
 y - 3 scrolls of enchant weapon
 B - 4 scrolls of recharging
 E - 2 scrolls of enchant armour
 F - 3 scrolls of magic mapping
 I - a scroll of silence
 J - 2 scrolls of amnesia
 Q - 2 scrolls of fog
Potions
 f - 3 potions of brilliance
 l - 9 potions of curing
 n - a potion of invisibility
 q - a potion of poison {unknown}
 s - 5 potions of resistance
 A - a potion of haste
 H - 2 potions of ambrosia
 U - 2 potions of berserk rage
 X - a potion of flight
Comestibles
 e - 12 bread rations
 i - 15 meat rations
 k - 5 beef jerkies
 K - a royal jelly
 S - 3 slices of pizza


   Skills:
 - Level 13.4 Fighting
 - Level 16.0 Maces & Flails
 - Level 9.8 Armour
 + Level 13.5 Shields


You had 14 spell levels left.
You didn't know any spells.

Dungeon Overview and Level Annotations

Branches:
Dungeon (12/15)            Temple (1/1) D:7            Lair (8/8) D:8
  Swamp (0/4) Lair:6       Spider (2/4) Lair:5        Slime (0/6) Lair:7
    Orc (4/4) D:10            Elf (0/3) Orc:3

Altars:
Ashenzari
Cheibriados
Dithmenos
Elyvilon
Fedhas
Gozag
Kikubaaqudgha
Makhleb
Nemelex Xobeh
Okawaru
Qazlal
Ru
Sif Muna
Trog
Vehumet
Xom
Yredelemnul
Zin
The Shining One
Beogh
Jiyva

Shops:
D:8 ?   D:10 *   Orc:4 (?(%

Annotations:
Lair:7 exclusion: oklob plant
Orc:3 exclusion: oklob plant


Innate Abilities, Weirdness & Mutations

You have a pair of large antennae on your head (SInv).
You have very sharp fingernails.
You have razor-sharp toenails.
You are mostly covered in sharp spines.
You are agile. (Dex +2)
Your flesh is cold resistant.
Your system is resistant to poisons.


Message History

You feel sick.
The jumping spider leaps!
* * * LOW HITPOINT WARNING * * *
You feel sick. The redback closely misses you.
* * * LOW HITPOINT WARNING * * *
You feel sick.
The jumping spider leaps!
There is a stone staircase leading up, spattered with blood here.
Drink which item? (? for menu, Esc to quit)
You feel better. The redback is struck by your spines. The redback bites you.
* * * LOW HITPOINT WARNING * * *
You are lethally poisoned!
The redback poisons you!
The wolf spider hits you but does no damage.
You block the wolf spider's attack. The redback is struck by your spines.
The redback bites you.
* * * LOW HITPOINT WARNING * * *
Drink which item? (? for menu, Esc to quit)
You feel better. The wolf spider hits you!
* * * LOW HITPOINT WARNING * * *
You block the wolf spider's attack. The jumping spider pounces on you.
You die...

#.......#......
.......s........
..........^.....
..................
#..............#.#
........^.§.../...
#....#..........#..
≈..$....†..#......^
#........@s>......#
###...#.ss..#.....
#..#....#...#.....
^#...†....#.....#.
..............#....
...^.......$.......
..$......#?...^....
....#..............
....(.....#........


You could see a wolf spider, 2 jumping spiders and a redback.

Vanquished Creatures
  Rupert (Lair:6)
  Kirke (D:12)
  An orc warlord (Orc:4)
  Maud (Orc:4)
  Snorg (Lair:5)
  The ghost of SeriousMike the Destroyer, a journeyman DgNe (D:12)
  Fannar (Orc:1)
  Harold (D:11)
  7 hydras
  5 orc high priests (Orc:4)
  2 hill giants
  4 orc sorcerers (Orc:4)
  2 ugly things (D:12)
  6 wolf spiders
  7 orc knights
  A cyclops (D:10)
  4 orb spiders (Spider:1)
  3 griffons
  A moth of wrath (Spider:2)
  Maurice (D:12)
  13 elephants
  A gargoyle (D:12)
  A demonic crawler (Spider:1)
  A troll (Orc:3)
  39 spiny frogs
  9 fire drakes
  10 komodo dragons
  3 two-headed ogres
  7 jumping spiders
  30 blink frogs
  Prince Ribbit (D:5)
  2 giant leeches (Lair:8)
  5 trapdoor spiders
  19 redbacks (Spider:1)
  Sigmund (D:5)
  4 tarantellas (Spider:1)
  A wraith (D:11)
  8 wyverns
  A steam dragon (D:11)
  33 yaks
  5 basilisks
  6 vampire mosquitoes (Lair:8)
  4 hogs (D:12)
  A human (D:11)
  Grum (D:11)
  A deep elf mage (D:12)
  15 hippogriffs
  A hungry ghost (D:7)
  Menkaure (D:4)
  A soldier ant (D:10)
  Edmund (D:5)
  22 wolves
  4 wargs
  3 hell hounds
  15 water moccasins
  Duvessa (D:5)
  9 porcupines
  26 spiders
  2 black bears
  37 orc warriors
  A phantom (D:7)
  4 ice beasts
  An eye of draining (D:12)
  A necrophage (D:8)
  4 centaurs
  A wasp (D:7)
  18 ogres
  Blork the orc (D:5)
  12 crocodiles
  A big kobold (D:8)
  17 giant frogs
  Dowan (D:5)
  A scorpion (D:4)
  14 killer bees
  7 wights
  2 crimson imps (D:8)
  3 centaur zombies
  7 hounds
  2 giant frog zombies
  A jelly (D:6)
  10 worker ants
  38 orc priests
  6 centaur skeletons
  Terence (D:2)
  29 orc wizards
  2 quasits
  15 sheep
  13 iguanas
  A killer bee zombie (D:8)
  2 hound zombies
  2 worker ant zombies
  8 gnolls
  8 adders
  33 river rats
  A shadow imp (D:6)
  3 oozes
  2 adder zombies (D:4)
  2 worms (D:2)
  3 giant geckos
  205 orcs
  4 ball pythons
  6 giant cockroaches
  6 goblins
  6 hobgoblins
  20 jackals
  16 kobolds
  2 quokkas
  8 bats
  A giant cockroach zombie (D:4)
  A giant gecko skeleton (D:4)
  6 giant newts
  7 rats
  2 fungi
964 creatures vanquished.

Vanquished Creatures (others)
  2 humans (D:12)
  A wight (D:11)
  A crimson imp (D:12)
  2 orcs (D:12)
  23 fungi
  36 plants
65 creatures vanquished.

Grand Total: 1029 creatures vanquished

Notes
Turn   | Place    | Note
--------------------------------------------------------------
     0 | D:1      | Kloppie the Demonspawn Fighter began the quest for the Orb.
     0 | D:1      | Reached XP level 1. HP: 18/18 MP: 1/1
   107 | D:1      | Gained mutation: You have sharp fingernails. [demonic ancestry]
   107 | D:1      | Reached XP level 2. HP: 24/24 MP: 2/2
   682 | D:2      | Gained mutation: You are partially covered in sharp spines. [demonic ancestry]
   682 | D:2      | Reached XP level 3. HP: 30/30 MP: 3/3
  1127 | D:2      | Reached skill level 4 in Fighting
  1227 | D:2      | Noticed Terence
  1237 | D:2      | Killed Terence
  1239 | D:2      | Gained mutation: You are mostly covered in sharp spines. [demonic ancestry]
  1239 | D:2      | Reached XP level 4. HP: 30/37 MP: 4/4
  1495 | D:3      | HP: 1/37 [poisoned by a kobold]
  1680 | D:3      | Paralysed by a goblin for 4 turns
  2215 | D:3      | Noticed a hippogriff
  2232 | D:3      | Killed a hippogriff
  2232 | D:3      | Reached skill level 5 in Fighting
  2232 | D:3      | Gained mutation: You have sharp toenails. [demonic ancestry]
  2232 | D:3      | Reached XP level 5. HP: 21/44 MP: 5/5
  2397 | D:4      | Gained mutation: You have a pair of small antennae on your head. [demonic ancestry]
  2397 | D:4      | Reached XP level 6. HP: 51/51 MP: 6/6
  2420 | D:4      | Noticed an ogre
  2423 | D:4      | Killed an ogre
  2480 | D:4      | Found an ancient bone altar of Kikubaaqudgha.
  2532 | D:4      | Reached skill level 6 in Fighting
  2599 | D:4      | Reached skill level 5 in Maces & Flails
  2599 | D:4      | Reached XP level 7. HP: 35/58 MP: 7/7
  2654 | D:4      | Noticed Menkaure
  2660 | D:4      | Killed Menkaure
  2913 | D:4      | Noticed an ogre
  2921 | D:4      | Killed an ogre
  3147 | D:5      | Entered Level 5 of the Dungeon
  3258 | D:5      | Reached skill level 7 in Fighting
  3275 | D:5      | Noticed Sigmund
  3284 | D:5      | Killed Sigmund
  3284 | D:5      | Gained mutation: You have razor-sharp toenails. [demonic ancestry]
  3284 | D:5      | Reached XP level 8. HP: 49/67 MP: 8/8
  3316 | D:5      | Noticed Prince Ribbit
  3495 | D:5      | Noticed Edmund
  3515 | D:5      | Killed Edmund
  3721 | D:5      | Noticed Duvessa
  3721 | D:5      | Noticed Dowan
  3726 | D:5      | Killed Dowan
  3726 | D:5      | Reached skill level 8 in Fighting
  3732 | D:5      | Killed Duvessa
  3757 | D:5      | Noticed Blork the orc
  3760 | D:5      | Killed Blork the orc
  3925 | D:5      | Killed Prince Ribbit
  3991 | D:6      | Found a shadowy altar of Dithmenos.
  4278 | D:6      | Reached skill level 9 in Fighting
  4278 | D:6      | Reached XP level 9. HP: 62/76 MP: 9/9
  5269 | D:7      | Found a staircase to the Ecumenical Temple.
  5339 | D:7      | Reached skill level 10 in Fighting
  5664 | Temple   | Entered the Ecumenical Temple
  5809 | Temple   | Became a worshipper of Makhleb the Destroyer
  6168 | D:7      | Reached skill level 5 in Armour
  6237 | D:8      | Found a snail-covered altar of Cheibriados.
  6248 | D:8      | Reached * piety under Makhleb
  6503 | D:8      | Reached XP level 10. HP: 68/86 MP: 10/10
  6670 | D:8      | Found a staircase to the Lair.
  6670 | D:8      | Noticed a fire drake
  6680 | D:8      | Killed a fire drake
  6751 | D:8      | Found Idageihu's Magic Scroll Shop.
  6820 | D:8      | Reached skill level 11 in Fighting
  7098 | Lair:1   | Entered Level 1 of the Lair of Beasts
  7241 | Lair:1   | Reached ** piety under Makhleb
  8306 | Lair:2   | Noticed a five-headed hydra
  8317 | Lair:2   | Killed a five-headed hydra
  8317 | Lair:2   | Reached skill level 12 in Fighting
  8508 | Lair:2   | Gained mutation: You have very sharp fingernails. [demonic ancestry]
  8508 | Lair:2   | Reached XP level 11. HP: 95/95 MP: 11/11
  8552 | Lair:2   | Reached *** piety under Makhleb
  8670 | Lair:2   | Noticed an eight-headed hydra
  8685 | Lair:2   | Killed an eight-headed hydra
  9725 | Lair:3   | Reached skill level 13 in Fighting
 10183 | Lair:3   | Reached **** piety under Makhleb
 10544 | Lair:3   | Reached XP level 12. HP: 105/105 MP: 12/12
 11292 | Lair:4   | Reached skill level 10 in Maces & Flails
 11832 | Lair:5   | Noticed a seven-headed hydra
 11834 | Lair:5   | Found a hole to the Spider Nest.
 11837 | Lair:5   | Killed a seven-headed hydra
 11938 | Lair:5   | Reached ***** piety under Makhleb
 11984 | Lair:5   | Noticed Snorg
 11999 | Lair:5   | Killed Snorg
 12796 | Lair:5   | Gained mutation: Your system is resistant to poisons. [potion of mutation]
 12796 | Lair:5   | Gained mutation: Your body sometimes deteriorates upon taking damage. [potion of mutation]
 12796 | Lair:5   | Gained mutation: You tend to lose your temper in combat. [potion of mutation]
 12797 | Lair:5   | Gained mutation: You have a pair of antennae on your head. [potion of mutation]
 12797 | Lair:5   | Gained mutation: You have a pair of large antennae on your head (SInv). [potion of mutation]
 12797 | Lair:5   | Gained mutation: Your flesh is cold resistant. [potion of mutation]
 12798 | Lair:5   | Lost mutation: Your body sometimes deteriorates upon taking damage. [potion of cure mutation]
 12798 | Lair:5   | Lost mutation: You tend to lose your temper in combat. [potion of cure mutation]
 12799 | Lair:5   | Gained mutation: You are agile. (Dex +2) [potion of beneficial mutation]
 12871 | Lair:6   | Noticed a seven-headed hydra
 12872 | Lair:6   | Noticed an eight-headed hydra
 12912 | Lair:5   | Killed a seven-headed hydra
 13141 | Lair:5   | Killed an eight-headed hydra
 13533 | Lair:6   | Reached XP level 13. HP: 72/111 MP: 13/13
 13649 | Lair:6   | Reached ****** piety under Makhleb
 13880 | Lair:6   | Noticed Rupert
 13893 | Lair:6   | Killed Rupert
 13893 | Lair:6   | Reached skill level 14 in Maces & Flails
 13949 | Lair:6   | Found a staircase to the Swamp.
 14857 | Lair:7   | Found a viscous altar of Jiyva.
 14864 | Lair:7   | Found a staircase to the Slime Pits.
 15292 | Lair:1   | Identified 2 scrolls of acquirement
 15293 | Lair:1   | Got a translucent eveningstar
 15294 | Lair:1   | Identified the +1 eveningstar "Ixkauxop" {crush, MR+ Str-5 Int+5} (You acquired it on level 1 of the Lair of Beasts)
 15385 | D:9      | Reached skill level 15 in Maces & Flails
 16059 | D:10     | Entered Level 10 of the Dungeon
 16136 | D:10     | Found Qazil's General Store.
 16237 | D:10     | Found a staircase to the Orcish Mines.
 16706 | D:11     | Noticed Grum
 16715 | D:11     | Killed Grum
 16857 | D:11     | Noticed Harold
 16881 | D:11     | Killed Harold
 17515 | D:12     | Noticed Kirke
 17533 | D:12     | Killed Kirke
 17533 | D:12     | Mutation became permanent: You have a pair of large antennae on your head (SInv). [demonic ancestry]
 17533 | D:12     | Reached XP level 14. HP: 118/118 MP: 14/14
 17634 | D:12     | Reached skill level 16 in Maces & Flails
 17710 | D:12     | Noticed SeriousMike's ghost (journeyman DgNe)
 17715 | D:12     | Noticed Maurice
 17731 | D:12     | Killed Maurice
 17738 | D:12     | Killed SeriousMike's ghost
 18242 | Orc:1    | Entered Level 1 of the Orcish Mines
 18242 | Orc:1    | Noticed Fannar
 18255 | Orc:1    | Reached skill level 5 in Shields
 18272 | Orc:1    | Killed Fannar
 19959 | Orc:3    | Found a staircase to the Elven Halls.
 20643 | Orc:4    | Entered Level 4 of the Orcish Mines
 21145 | Orc:4    | Found a roughly hewn altar of Beogh.
 21236 | Orc:4    | Found Ryedwat's Weapon Boutique.
 21259 | Orc:4    | Found Jyalicze's Food Shop.
 21386 | Orc:4    | Noticed Maud
 21411 | Orc:4    | Killed Maud
 21772 | Orc:4    | Noticed an orc warlord
 22218 | Orc:4    | Killed an orc warlord
 22757 | Orc:4    | Found Epnuposm's Magic Scroll Boutique.
 22781 | Orc:4    | Found a roughly hewn altar of Beogh.
 22844 | Orc:4    | Found Orockak's Weapon Shoppe.
 23280 | Orc:4    | Reached skill level 10 in Shields
 23762 | Lair:8   | Entered Level 8 of the Lair of Beasts
 24222 | Lair:8   | Reached XP level 15. HP: 52/124 MP: 15/15
 25869 | Spider:1 | Entered Level 1 of the Spider Nest
 26218 | Spider:1 | Got a fine cloak
 26229 | Spider:1 | Identified the +2 cloak "Alechic" {+Fly MR+ Str-5 Dex+5} (You acquired it on level 1 of the Spider Nest)
 27590 | Spider:2 | HP: 5/124 [poisoned by a wolf spider]
 27593 | Spider:2 | HP: 2/124 [wolf spider (14)]
 27593 | Spider:2 | Slain by a jumping spider

Action                   |  1- 3 |  4- 6 |  7- 9 | 10-12 | 13-15 || total
-------------------------+-------+-------+-------+-------+-------++-------
Melee: Flail             |   105 |    88 |   275 |   255 |       ||   723
       Morningstar       |       |       |       |   229 |   204 ||   433
       Eveningstar       |       |       |       |       |  1553 ||  1553
Evoke: Wand              |       |       |       |     2 |       ||     2
  Use: Potion            |       |     1 |       |     7 |    11 ||    19
       Scroll            |       |       |    19 |    10 |    13 ||    42
 Stab: Distracted        |       |       |       |       |     2 ||     2
       Sleeping          |       |       |       |       |     1 ||     1
  Eat: Chunk             |     1 |     5 |    14 |    18 |    35 ||    73
       Beef jerky        |       |       |       |     1 |     1 ||     2
       Fruit             |       |       |       |     4 |     1 ||     5
       Pizza             |       |       |       |       |     4 ||     4
       Meat ration       |       |       |       |       |     1 ||     1
